 Dungeon Crawl Stone Soup version 0.29-a0-973-gac7da5f7f0 (webtiles) character file.

Game seed: 8638520663572660962

6113 jlumianski the Cleaver (level 10, -1/111 (114) HPs)
             Began as a Demonspawn Fighter on July 31, 2022.
             Was a Priest of Qazlal.
             Slain by a troll (5 damage)
             ... on level 9 of the Dungeon.
             The game lasted 00:36:51 (11979 turns).

jlumianski the Cleaver (Demonspawn Fighter)        Turns: 11979, Time: 00:36:52

HP:   -1/111 (114)  AC: 11    Str: 16    XL:     10   Next: 58%
MP:   16/16         EV: 15    Int: 15    God:    Qazlal [***...]
Gold: 443           SH:  9    Dex: 14    Spells: 9/9 levels left

rFire   . . .      SeeInvis .   a - +1 war axe
rCold   . . .      Faith    .   c - +0 buckler
rNeg    + . .      Spirit   .   b - +0 scale mail
rPois   +          Reflect  .   (no helmet)
rElec   .          Harm     .   f - +2 cloak {Will+}
rCorr   +          Rampage  .   (no gloves)
Will    +....                   (no boots)
Stlth   ..........              d - amulet "Xipnoir" {Acrobat +Blink rCorr Str-4 Int+6}
HPRegen 0.28/turn               y - ring of poison resistance
MPRegen 0.15/turn               n - ring of positive energy

@: agile, berserking, lightly drained, very quick
A: powered by pain 3, weakness stinger 1, claws 1
a: Renounce Religion, Evoke Blink, Upheaval, Elemental Force


You were on level 9 of the Dungeon.
You worshipped Qazlal.
Qazlal was most pleased with you.
You visited 2 branches of the dungeon, and saw 11 of its levels.

You collected 663 gold pieces.
You spent 220 gold pieces at shops.

Inventory:

Hand Weapons
 a - a +1 war axe (weapon)
 o - a +6 morningstar of freezing
 H - a +2 whip of flaming
Missiles
 k - 18 poisoned darts
 p - 10 boomerangs (quivered)
Armour
 b - a +0 scale mail (worn)
 c - a +0 buckler (worn)
 e - a +2 helmet
 f - a +2 cloak of willpower (worn)
 m - the +0 chain mail of the Gloaming {rC+}
   (You found it on level 8 of the Dungeon)

   rC:        It protects you from cold.
Jewellery
 d - the amulet "Xipnoir" (around neck) {Acrobat +Blink rCorr Str-4 Int+6}
   (You took it off Terence on level 2 of the Dungeon)

   [amulet of the acrobat]

   It increases your evasion while moving and waiting.
   Str:       It affects your strength (-4).
   Int:       It affects your intelligence (+6).
   +Blink:    It lets you blink.
   rCorr:     It protects you from acid and corrosion.
 l - a ring of magical power
 n - a ring of positive energy (right claw)
 y - a ring of poison resistance (left claw)
 G - a +6 ring of dexterity
Wands
 q - a wand of digging (4)
 A - a wand of flame (53)
 C - a wand of iceblast (2)
Scrolls
 h - 5 scrolls of identify
 i - a scroll of magic mapping
 j - 3 scrolls of teleportation
 D - a scroll of summoning
Potions
 g - a potion of flight
 s - 5 potions of curing
 u - 2 potions of resistance
 z - a potion of lignification
 I - a potion of might
 J - a potion of haste


   Skills:
 + Level 6.2 Fighting
 + Level 8.5 Axes
 + Level 1.7 Throwing
 + Level 7.1 Armour
 + Level 4.0 Dodging
 - Level 0.2 Stealth
 + Level 5.4 Shields
 * Level 8.2 Invocations


You had 9 spell levels left.
You didn't know any spells.
Your spell library contained the following spells:

 Spells                   Type           Power      Damage    Failure   Level
 Sublimation of Blood     Necr           0%         N/A       86%         2
 Animate Dead             Necr           0%         N/A       100%        4
 Petrify                  Tmut/Erth      0%         N/A       100%        4
 Irradiate                Conj/Tmut      0%         3d11      100%        5
 Haunt                    Necr/Summ      0%         N/A       100%        7
 Infestation              Necr           0%         N/A       100%        8


Dungeon Overview and Level Annotations

Branches:
Dungeon (10/15)            Temple (1/1) D:4            Lair (0/5) D:9
    Orc: D:9-12

Altars:
Ashenzari
Cheibriados
Kikubaaqudgha
Makhleb
Nemelex Xobeh
Okawaru
Qazlal
Ru
Sif Muna
Trog
Uskayaw
Wu Jian
Yredelemnul

Shops:
D:4 =


Innate Abilities, Weirdness & Mutations

You are powered by pain.
You have a small tail.
You have sharp fingernails.


Message History

The troll is lightly wounded.
The troll bites you! The troll barely misses you. The troll claws you.
You barely miss the troll.
Your tail-slap misses the troll.
The troll is lightly wounded.
The troll bites you. You block the troll's attack. The troll misses you.
You slash the troll!
The troll is heavily wounded.
The troll closely misses you. x3; The troll bites you.
The troll claws you!
* * * LOW HITPOINT WARNING * * *
You focus on the pain.
You feel agile all of a sudden. You block the troll's attack.
You hit the troll but do no damage.
The troll is heavily wounded.
The troll closely misses you. The troll barely misses you.
You block the troll's attack.
You slash the troll! You tail-slap the troll.
The troll is severely wounded.
You block the troll's attack. The troll claws you!
* * * LOW HITPOINT WARNING * * *
The troll claws you.
* * * LOW HITPOINT WARNING * * *
You hit the troll.
The troll is severely wounded.
The troll bites you!
* * * LOW HITPOINT WARNING * * *
You block the troll's attack. The troll closely misses you.
A red film seems to cover your vision as you go berserk!
You feel yourself moving faster!
You feel mighty! You block the troll's attack. The troll misses you. x2
You hit the troll.
The troll is severely wounded.
The troll barely misses you. The troll completely misses you.
You block the troll's attack.
You barely miss the troll.
The troll is severely wounded.
You hit the troll.
The troll is severely wounded.
You block the troll's attack. The troll claws you.
You die...

#.##.#.#######.#...
#....#.........#..#
##########.........
#....########
#.#..# ###.#..#
#.#....#
#####.##...#
#.@...##...#
#.T........#
#..#.........#
#..#########.#
#.........T. ...
#.########## ##. #.
#


You could see a troll.

Vanquished Creatures
  Pikel (D:7)
  Maurice (D:8)
  A komodo dragon (D:8)
  A queen bee (D:8)
  Grinder (D:2)
  2 hornets
  Sigmund (D:2)
  2 wyverns
  2 vampire mosquitoes
  An acid dragon (D:9)
  2 wargs (D:8)
  Duvessa (D:7)
  3 orc warriors
  A black bear (D:7)
  2 centaurs
  4 lemures
  A bullfrog (D:3)
  3 scorpions
  14 wights
  Dowan (D:7)
  13 killer bees
  3 howler monkeys
  4 orc priests
  2 jellies (D:7)
  2 iguanas
  4 hounds
  A gnoll bouda (D:5)
  Jessica (D:3)
  Terence (D:2)
  6 orc wizards
  Robin (D:3)
  6 gnolls
  11 adders
  A shadow imp (D:8)
  2 white imps
  An ufetubus (D:6)
  A worm (D:2)
  The ghost of gdog the Covert, a weakling GnDe (D:3)
  3 dart slugs
  23 orcs
  3 ball pythons
  3 endoplasms
  3 giant cockroaches
  14 goblins
  6 hobgoblins
  4 jackals (D:5)
  2 kobolds
  5 quokkas
  2 bats
  6 rats
180 creatures vanquished.

Vanquished Creatures (others)
  An orc wizard (D:4)
  28 plants (D:8)
29 creatures vanquished.

Grand Total: 209 creatures vanquished

Notes
Turn   | Place    | Note
-------+----------+-------------------------------------------
     0 | D:1      | jlumianski the Demonspawn Fighter began the quest for the
                  | Orb.
     0 | D:1      | Reached XP level 1. HP: 18/18 MP: 1/1
   239 | D:2      | Noticed Terence
   827 | D:1      | Gained mutation: You sometimes gain a little power by
                  | taking damage. [demonic ancestry]
   827 | D:1      | Reached XP level 2. HP: 20/24 MP: 2/2
   923 | D:1      | Found a faded altar of an unknown god.
  1363 | D:2      | Reached XP level 3. HP: 14/29 MP: 3/3
  1690 | D:3      | Noticed Grinder
  1695 | D:3      | Paralysed by Grinder for 4 turns
  1944 | D:2      | Noticed Sigmund
  1956 | D:2      | Gained mutation: You have sharp fingernails. [potion of
                  | mutation]
  1961 | D:2      | Killed Sigmund
  1962 | D:2      | Reached skill level 1 in Dodging
  1962 | D:2      | Reached XP level 4. HP: 36/37 MP: 4/4
  1962 | D:2      | Reached XP level 5. HP: 40/42 MP: 5/5
  2096 | D:2      | Identified the amulet "Xipnoir" {Acrobat +Blink rCorr Str-4
                  | Int+6}
  2108 | D:2      | Killed Terence
  2238 | D:2      | Found an ornate altar of the Wu Jian Council.
  2578 | D:3      | Paralysed by Grinder for 5 turns
  2607 | D:2      | HP: 1/42 [Grinder/nerve-wracking pain (4)]
  2609 | D:2      | Killed Grinder
  2610 | D:2      | Reached XP level 6. HP: 2/48 MP: 6/6
  3024 | D:3      | Noticed Jessica
  3034 | D:2      | Reached skill level 1 in Throwing
  3118 | D:3      | Killed Jessica
  3272 | D:3      | Gained mutation: You have a small tail. [demonic ancestry]
  3272 | D:3      | Reached XP level 7. HP: 45/54 MP: 7/7
  3468 | D:3      | Noticed Robin
  3569 | D:3      | Killed Robin
  3764 | D:4      | Found a staircase to the Ecumenical Temple.
  3797 | Temple   | Entered the Ecumenical Temple
  3823 | Temple   | Became a worshipper of Qazlal Stormbringer
  3859 | D:5      | Entered Level 5 of the Dungeon
  3972 | D:3      | Found a runed translucent door.
  3973 | D:3      | Noticed gdog's ghost (weakling GnDe)
  3995 | D:3      | Found a runed translucent door.
  4191 | D:3      | Killed gdog's ghost
  4465 | D:4      | Found Paur Nih's Jewellery Boutique.
  4494 | D:4      | Reached skill level 5 in Axes
  4515 | D:4      | Bought a ring of poison resistance for 220 gold pieces
  4683 | D:4      | Found a broken altar of Ashenzari.
  4839 | D:4      | Reached skill level 1 in Invocations
  4986 | D:4      | Found a snail-covered altar of Cheibriados.
  5237 | D:6      | Reached * piety under Qazlal
  5457 | D:5      | Gained mutation: You sometimes gain power by taking damage.
                  | [demonic ancestry]
  5457 | D:5      | Reached XP level 8. HP: 37/61 MP: 9/9
  6847 | D:6      | Reached skill level 5 in Armour
  7713 | D:7      | Reached ** piety under Qazlal
  7941 | D:7      | Noticed Pikel
  7957 | D:8      | Noticed a komodo dragon
  7971 | D:8      | Killed a komodo dragon
  7972 | D:8      | Reached skill level 5 in Fighting
  7972 | D:8      | Reached skill level 5 in Invocations
  7972 | D:8      | Gained mutation: You are powered by pain. [demonic
                  | ancestry]
  7972 | D:8      | Reached XP level 9. HP: 33/68 MP: 12/12
  8080 | D:7      | Noticed Dowan
  8080 | D:7      | Noticed Duvessa
  8684 | D:8      | Noticed a queen bee
  8691 | D:8      | Killed a queen bee
  8752 | D:8      | Noticed Maurice
  8769 | D:8      | Killed Maurice
  9180 | D:7      | Killed Pikel
  9181 | D:7      | Reached skill level 5 in Shields
  9181 | D:7      | Reached XP level 10. HP: 30/76 MP: 15/15
  9398 | D:7      | Killed Duvessa
  9413 | D:7      | Killed Dowan
  9853 | D:8      | Paralysed by a hornet for 1 turns
 10916 | D:9      | Found a staircase to the Lair.
 10972 | D:10     | Entered Level 10 of the Dungeon
 10972 | D:10     | Noticed a two-headed ogre
 11055 | D:10     | Paralysed by a hornet for 1 turns
 11725 | D:8      | Identified the +0 chain mail of the Gloaming {rC+}
 11865 | D:9      | Reached *** piety under Qazlal
 11975 | D:9      | HP: 2/74 [troll (7)]
 11979 | D:9      | Slain by a troll

Illustrated notes

Levels and vault maps discovered:
D:1:      minmay_arrival_solitary_statue, layout_loops_cross,
          chequers_ecumenical_altar_island
D:2:      layout_loops_corners, basic_altar, uniq_terence, uniq_sigmund
D:3:      layout_rooms, ebering_ghost_sewer_f, amcnicky_mini_corridor_feature,
          bh_walls_and_bars, uniq_robin, uniq_grinder, uniq_jessica
D:4:      layout_loops_ring, mainiacjoe_overflow_big_doors,
          minmay_temple_entry_stoned_glass, serial_shops, kennysheep_mini
D:5:      minmay_angry_zag, layout_basic, kennysheep_generic_room_13
D:6:      layout_loops_ring, nicolae_lava_and_water
D:7:      layout_rooms, uniq_duvessa, uniq_pikel
D:8:      layout_rooms, enter_bailey_5, st_stairs_7,
          nicolae_looking_at_the_future, uniq_maurice
D:9:      layout_basic, erik_lair_orcish_takeover
D:10:     layout_rooms, marbit_many_paths, nicolae_transmutations_shop
Temple:   nicolae_temple_bog_church

Skill      XL: |  1  2  3  4  5  6  7  8  9 10 |
---------------+-------------------------------+-----
Axes           | 2 3 4 5 6 7 8 |  8.5
Armour         | 3 4 5 6 7 |  7.1
Dodging        | 1 2 3 4 |  4.0
Fighting       | 4 5 6 |  6.2
Shields        | 3 4 5 |  5.4
Throwing       | 1 |  1.7
Invocations    | 2 5 7 8 |  8.2
Stealth        | |  0.2

Action                   |  1- 3 |  4- 6 |  7- 9 | 10-12 || total
-------------------------+-------+-------+-------+-------++-------
Melee: War axe           |    86 |    71 |   398 |   183 ||   738
       Tailslap          |       |       |    48 |    31 ||    79
Throw: Dart              |     2 |     7 |    14 |       ||    23
       Boomerang         |       |       |       |     2 ||     2
Invok: Upheaval          |       |       |     2 |       ||     2
  Use: Potion            |     4 |       |     4 |     2 ||    10
       Scroll            |     2 |     1 |    15 |     1 ||    19
 Stab: Invisible         |       |     1 |       |       ||     1
Armor: Scale mail        |    47 |    33 |   242 |    60 ||   382
Dodge: Dodged            |    38 |    28 |   304 |   112 ||   482
Block: Buckler           |    17 |    10 |   190 |   115 ||   332

Table legend: (Time is in decaauts)
 A = Elapsed time spent in this place.
 B = Non-inter-level travel time spent in this place.
 C = Inter-level travel time spent in this place.
 D = Time resting spent in this place.
 E = Time spent auto-exploring this place.
 F = Levels seen in this place.
 G = Mean time per level.
                   A        B        C        D        E       F      G
               +--------+--------+--------+--------+--------+-----+--------+
         Total |  12209 |  12074 |    135 |   3193 |   5375 |  11 | 1109.9 |
       Dungeon |  12163 |  12028 |    135 |   3193 |   5375 |  10 | 1216.3 |
        Temple |     46 |     46 |      0 |      0 |      0 |   1 |   46.0 |
               +--------+--------+--------+--------+--------+-----+--------+

Top non-repeatable levels by time:
     D:8: 2385 daAuts
     D:2: 2110 daAuts
     D:5: 1566 daAuts
     D:7: 1560 daAuts
     D:1: 1095 daAuts
     D:6: 1061 daAuts
     D:3: 962 daAuts
     D:4: 891 daAuts
     D:9: 499 daAuts
  Temple: 46 daAuts
    D:10: 29 daAuts
